 Dungeon Crawl Stone Soup version 0.22-a0-458-gb446440 (webtiles) character file.

8343 Artaud the Fighter (level 11, -8/123 HPs)
             Began as a Troll Monk on June 8, 2018.
             Was an Elder of Okawaru.
             Mangled by a manticore (18 damage)
             ... on level 11 of the Dungeon.
             The game lasted 00:09:39 (10269 turns).

Artaud the Fighter (Troll Monk)                    Turns: 10269, Time: 00:09:39

Health: -8/123     AC:  8    Str: 24      XL:     11   Next: 8%
Magic:  10/10      EV:  5    Int:  5 (6)  God:    Okawaru [****..]
Gold:   703        SH:  0    Dex: 11 (12) Spells: 10/10 levels left

rFire    . . .     SeeInvis .     - Unarmed
rCold    . . .     Gourm    +   (no shield)
rNeg     . . .     Faith    .   t - +0 steam dragon scales
rPois    .         Spirit   .   (helmet restricted)
rElec    .         Reflect  .   (no cloak)
rCorr    .         Harm     .   (gloves unavailable)
MR       .....     Clarity  +   (boots unavailable)
Stlth    +.........             (no amulet)
HPRegen  0.70/turn              (no ring)
MPRegen  0.12/turn              (no ring)

@: about to teleport, very slightly contaminated, held, heavily drained
A: large, unfitting armour, claws 3, clarity, deterioration 1, fast metabolism
3, gourmand, regeneration 1, shaggy fur 1, tough skin 2
a: Heroism, Renounce Religion


You were on level 11 of the Dungeon.
You worshipped Okawaru.
Okawaru was greatly pleased with you.
You were very full.

You visited 2 branches of the dungeon, and saw 12 of its levels.

You collected 703 gold pieces.

Inventory:

Armour
 t - +0 steam dragon scales (worn)
Jewellery
 a - an uncursed amulet of the gourmand {unknown}
Wands
 j - a wand of enslavement (8)
 r - a wand of flame (19)
Scrolls
 f - 7 scrolls of remove curse
 l - 3 scrolls of teleportation
 m - a scroll of amnesia
 n - 9 scrolls of identify
Potions
 d - a potion of curing
 e - a potion of lignification
 g - a potion of magic
 i - 4 potions of cancellation
 k - a potion of haste
 o - a potion of might
 p - a potion of agility
Comestibles
 b - 25 rations


   Skills:
 + Level 11.7(9.5) Fighting
 - Level 2.4(0.7) Dodging
 - Level 1.0(0.0) Stealth
 * Level 10.7(8.6) Unarmed Combat


You had 10 spell levels left.
You didn't know any spells.
Your spell library contained the following spells:

 Spells                   Type           Power        Failure   Level  Hunger
 Apportation              Tloc           #.....       47%         1    ##.....
 Summon Small Mammal      Summ           #...         47%         1    ##.....
 Animate Skeleton         Necr           N/A          47%         1    ##.....
 Stone Arrow              Conj/Erth      #.....       85%         3    ####...
 Confusing Touch          Hex            #.....       47%         1    ##.....
 Passwall                 Tmut/Erth      #.......     63%         2    ###....
 Lee's Rapid Deconstruct  Erth           #.........   100%        5    ######.
 Sandblast                Erth           #.....       47%         1    ##.....
 Petrify                  Tmut/Erth      #.......     99%         4    #####..


Dungeon Overview and Level Annotations

Branches:
Dungeon (11/15)            Temple (1/1) D:5             Orc (0/2) D:10
   Lair: D:8-11

Altars:
Ashenzari
Cheibriados
Dithmenos
Elyvilon
Fedhas
Gozag
Hepliaklqana
Kikubaaqudgha
Makhleb
Nemelex Xobeh
Okawaru
Qazlal
Ru
Sif Muna
Trog
Uskayaw
Vehumet
Wu Jian
Xom
Yredelemnul
Zin
The Shining One

Annotations:
D:11 Harold


Innate Abilities, Weirdness & Mutations

You are too large for most types of armour.
You have claws for hands.
Your metabolism is lightning-fast.
You like to eat raw meat.
Your natural rate of healing is unusually fast.
You are covered in fur. (AC +1)
You have very tough skin. (AC +2)
You possess an exceptional clarity of mind.
Your body sometimes deteriorates upon taking damage.


Message History

The manticore bites you but does no damage.
The manticore claws you but does no damage.
The manticore claws you.
Unknown command.
As you read the scroll of teleportation, it crumbles to dust.
You feel strangely unstable. The gargoyle hits you with a flail!!
Your body deteriorates!
You feel dopey. The manticore bites you! The manticore claws you.
The manticore claws you!
* * * LOW HITPOINT WARNING * * *
Unknown command.
You feel better. The manticore bites you! The manticore claws you!
* * * LOW HITPOINT WARNING * * *
The manticore claws you!
* * * LOW HITPOINT WARNING * * *
Harold hits you from afar with a halberd.
* * * LOW HITPOINT WARNING * * *
The gargoyle hits you with a flail!
* * * LOW HITPOINT WARNING * * *
You feel better. The manticore bites you!!
You die...

## ....# ... #....#
...#####....#
............#
............# #
............#####..
...................
.......<.@H........
.........c9@..(....
......#############
...... ..... .....
####


You could see Harold, a manticore, a gargoyle and a centaur.

Vanquished Creatures
  Erica (D:9)
  2 two-headed ogres
  Sonja (D:10)
  Maurice (D:8)
  A troll (D:9)
  Sigmund (D:6)
  A vampire (D:10)
  3 yaks (D:11)
  A steam dragon (D:10)
  2 orc warriors
  An ice beast (D:3)
  2 sky beasts
  A black bear (D:6)
  A necrophage (D:9)
  6 ogres
  4 centaurs
  A big kobold (D:7)
  The ghost of dialectric the Chopper, an amateur VSBe of Trog (D:3)
  7 bullfrogs
  A gnoll sergeant (D:10)
  3 scorpions
  7 killer bees
  4 wights (D:6)
  3 howler monkeys
  5 crimson imps
  A quasit (D:9)
  4 orc priests
  A bullfrog zombie (D:10)
  3 bullfrog skeletons
  5 hounds
  5 jellies
  4 worker ants
  2 iguanas
  16 orc wizards
  A killer bee zombie (D:5)
  3 gnolls (D:10)
  9 adders
  3 shadow imps
  An adder zombie (D:7)
  An adder skeleton (D:6)
  2 worms (D:2)
  A dart slug (D:2)
  4 leopard geckos
  30 orcs
  2 ball pythons
  9 bats
  10 giant cockroaches
  8 hobgoblins
  17 jackals
  A quokka (D:7)
  6 frilled lizards
  A jackal zombie (D:7)
  12 kobolds
  A leopard gecko skeleton (D:5)
  3 rats
227 creatures vanquished.

Notes
Turn   | Place    | Note
-------+----------+-------------------------------------------
     0 | D:1      | Artaud the Troll Monk began the quest for the Orb.
     0 | D:1      | Reached XP level 1. HP: 22/22 MP: 0/0
   194 | D:1      | Reached XP level 2. HP: 29/29 MP: 1/1
   712 | D:1      | Reached skill level 3 in Fighting
   882 | D:2      | Reached XP level 3. HP: 25/37 MP: 2/2
  1609 | D:3      | Noticed dialectric's ghost (amateur VSBe)
  1639 | D:3      | Killed dialectric's ghost
  1639 | D:3      | Reached skill level 4 in Fighting
  1639 | D:3      | Reached XP level 4. HP: 43/48 MP: 3/3
  1756 | D:3      | Noticed an ice beast
  1773 | D:3      | Gained mutation: Your body sometimes deteriorates upon taking damage. [potion of mutation]
  1773 | D:3      | Gained mutation: You possess an exceptional clarity of mind. [potion of mutation]
  1778 | D:3      | Reached XP level 5. HP: 52/54 MP: 4/4
  1794 | D:3      | Killed an ice beast
  2278 | D:3      | Noticed an ogre
  2283 | D:3      | Killed an ogre
  2283 | D:3      | Reached skill level 5 in Fighting
  2283 | D:3      | Reached XP level 6. HP: 36/66 MP: 5/5
  2382 | D:3      | Found an opulent altar of Gozag.
  2812 | D:4      | Reached skill level 5 in Unarmed Combat
  2841 | D:4      | You fall through a shaft for 2 floors!
  2878 | D:6      | Reached XP level 7. HP: 73/74 MP: 6/6
  2901 | D:6      | Reached skill level 6 in Fighting
  3124 | D:5      | Entered Level 5 of the Dungeon
  3206 | D:5      | Found a staircase to the Ecumenical Temple.
  3237 | Temple   | Entered the Ecumenical Temple
  3700 | D:5      | Found an ornate altar of the Wu Jian Council.
  3730 | D:5      | Reached XP level 8. HP: 69/84 MP: 7/7
  4013 | D:4      | Found a glowing silver altar of Zin.
  4061 | D:4      | Reached skill level 7 in Fighting
  4146 | D:4      | Found a shadowy altar of Dithmenos.
  4623 | D:6      | Noticed Sigmund
  4632 | D:6      | Killed Sigmund
  4879 | D:7      | Reached skill level 8 in Fighting
  5546 | D:7      | Reached XP level 9. HP: 94/97 MP: 8/8
  5801 | D:7      | Found a deep blue altar of Sif Muna.
  6119 | D:8      | Reached skill level 9 in Fighting
  6421 | D:8      | Noticed a two-headed ogre
  6430 | D:8      | HP: 4/98 [two-headed ogre/giant club (7)]
  6432 | D:8      | Killed a two-headed ogre
  6907 | D:8      | Noticed Maurice
  6923 | D:8      | Killed Maurice
  6923 | D:8      | Reached skill level 10 in Fighting
  7284 | D:9      | Reached XP level 10. HP: 103/110 MP: 9/9
  7523 | D:9      | Found a white marble altar of Elyvilon.
  7523 | D:9      | Found an iron altar of Okawaru.
  7548 | D:9      | Became a worshipper of Warmaster Okawaru
  7548 | D:9      | Reached * piety under Okawaru
  7548 | D:9      | Reached ** piety under Okawaru
  7766 | D:9      | Noticed a two-headed ogre
  7773 | D:9      | Killed a two-headed ogre
  8092 | D:9      | Noticed Erica
  8102 | D:9      | Killed Erica
  8102 | D:9      | Reached skill level 11 in Fighting
  8185 | D:9      | Reached *** piety under Okawaru
  8527 | D:9      | Found a stormy altar of Qazlal.
  8539 | D:9      | Found a radiant altar of Vehumet.
  8539 | D:9      | Found a shattered altar of Ashenzari.
  8606 | D:10     | Entered Level 10 of the Dungeon
  8630 | D:10     | Reached skill level 10 in Unarmed Combat
  8971 | D:10     | Found a staircase to the Orcish Mines.
  9088 | D:10     | Noticed Sonja
  9249 | D:11     | Noticed a red ugly thing
  9268 | D:10     | Killed Sonja
  9268 | D:10     | Reached **** piety under Okawaru
  9268 | D:10     | Reached XP level 11. HP: 62/123 MP: 7/10
 10260 | D:11     | Noticed Harold
 10268 | D:11     | HP: 4/123 [gargoyle/flail (16)]
 10269 | D:11     | Mangled by a manticore

Vault maps used:
D:1:      ncdulo_watergridlock
D:3:      cheibrodos_helix_gallery, grunt_gozag_breadcrumbs, first_ration
D:4:      kennysheep_mini_moat, zin_treasury
D:5:      lemuel_doored_altar, minmay_temple_entry_grid, minivault_4
D:6:      nicolae_lava_and_water, uniq_sigmund
D:7:      lemuel_coloured_pillars_altar, grunt_ogre_cave
D:8:      uniq_maurice
D:9:      gammafunk_temple_overflow_elements, minitemple, uniq_erica
D:10:     orc_0_dummy, uniq_sonja
D:11:     erik_lair_orcish_takeover, uniq_harold, uniq_fannar
Temple:   hc_temple_tempest_star

Skill      XL: |  1  2  3  4  5  6  7  8  9 10 |
---------------+-------------------------------+-----
Fighting       | 3 4 5 6 8 10 11 | 11.7
Unarmed Combat | 4 5 6 7 8 10 | 10.7
Dodging        | |  2.4
Stealth        | |  1.0

Action                   |  1- 3 |  4- 6 |  7- 9 | 10-12 || total
-------------------------+-------+-------+-------+-------++-------
Melee: Unarmed           |    98 |    69 |   285 |   160 ||   612
       Punch             |     2 |       |     5 |    12 ||    19
Invok: Heroism           |       |       |       |     6 ||     6
Evoke: Wand              |       |       |     1 |       ||     1
  Use: Scroll            |     1 |     6 |     6 |     5 ||    18
       Potion            |     2 |     4 |     6 |     4 ||    16
 Stab: Sleeping          |     2 |     6 |     1 |     1 ||    10
  Eat: Chunk             |    18 |     8 |    41 |    31 ||    98
Armor: Robe              |    41 |    22 |    72 |    19 ||   154
       Steam dragon scal |       |       |       |    37 ||    37
Dodge: Dodged            |    68 |    40 |   182 |    80 ||   370

Table legend:
 A = Spawn XP
 B = Non-spawn XP
 C = Spawn XP percentage of total XP
 D = Spawn monster count
 E = Non-spawn monster count
 F = Spawn count percentage of total count
 G = Total turns spent on level
                    A         B        C        D         E        F      G
               +---------+---------+-------+---------+---------+-------+---------
         Total |       0 |   11919 |   0.0 |       0 |     227 |   0.0 | 10269
               +---------+---------+-------+---------+---------+-------+---------
           D:1 |       0 |      29 |   0.0 |       0 |      18 |   0.0 |   780
           D:2 |       0 |      52 |   0.0 |       0 |      18 |   0.0 |   733
           D:3 |       0 |     423 |   0.0 |       0 |      23 |   0.0 |  1128
           D:4 |       0 |     430 |   0.0 |       0 |      15 |   0.0 |   561
           D:5 |       0 |     444 |   0.0 |       0 |      13 |   0.0 |   651
           D:6 |       0 |     919 |   0.0 |       0 |      19 |   0.0 |   818
           D:7 |       0 |     899 |   0.0 |       0 |      34 |   0.0 |  1030
           D:8 |       0 |    2327 |   0.0 |       0 |      25 |   0.0 |  1376
           D:9 |       0 |    3290 |   0.0 |       0 |      23 |   0.0 |  1326
          D:10 |       0 |    2327 |   0.0 |       0 |      33 |   0.0 |  1493
          D:11 |       0 |     779 |   0.0 |       0 |       6 |   0.0 |   170
               +---------+---------+-------+---------+---------+-------+---------
